 Dungeon Crawl Stone Soup version 0.30-a0-122-g2a1322497e (webtiles) character file.

Game seed: 17986822688527339423

51 snarfax the Trooper (level 3, -3/40 HPs)
             Began as an Ogre Berserker on Sept 15, 2022.
             Was a Believer of Trog.
             Slain by Sigmund
             ... wielding a +0 scythe
              (4 damage)
             ... on level 2 of the Dungeon.
             The game lasted 00:02:40 (1331 turns).

snarfax the Trooper (Ogre Berserker)                Turns: 1331, Time: 00:02:40

Health: -3/40      AC:  3    Str: 23    XL:     3   Next: 83%
Magic:  3/3        EV: 10    Int:  8    God:    Trog [**....]
Gold:   84         SH:  0    Dex:  8    Spells: 2/2 levels left

rFire   . . .      SeeInvis .    a - +0 mace
rCold   . . .      Faith    .    (no shield)
rNeg    . . .      Spirit   .    b - +0 animal skin
rPois   .          Reflect  .    (helmet restricted)
rElec   .          Harm     .    (no cloak)
rCorr   .          Rampage  .    (gloves unavailable)
Will    .....                    (boots unavailable)
Stlth   +.........               (no amulet)
HPRegen 0.13/turn                (no ring)
MPRegen 0.08/turn                (no ring)

@: lethally poisoned (-3 -> -7)
A: large, unfitting armour, tough skin 1
a: Renounce Religion, Berserk, Trog's Hand


You were on level 2 of the Dungeon.
You worshipped Trog.
Trog was pleased with you.
You visited 1 branch of the dungeon, and saw 2 of its levels.

You collected 84 gold pieces.

Inventory:

Hand Weapons
 a - a +0 mace (weapon)
Armour
 b - a +0 animal skin (worn)
 e - a +0 leather armour
Jewellery
 d - an amulet of faith
Scrolls
 g - a scroll of enchant armour {unknown}
 h - a scroll of acquirement {unknown}
Potions
 c - a potion of brilliance {unknown}
 f - a potion of curing {unknown}


   Skills:
 + Level 4.6 Fighting
 * Level 3.5 Maces & Flails
 + Level 3.1 Dodging


You had 2 spell levels left.
You didn't know any spells.
Your spell library was empty.

Dungeon Overview and Level Annotations

Branches:
Dungeon (2/15)

Altars:

Annotations:
D:2 Sigmund


Innate Abilities, Weirdness & Mutations

You are too large for most types of armour.
You have tough skin. (AC +1)


Message History

The adder hisses angrily.
Sigmund misses you.
You hit Sigmund.
Sigmund is moderately wounded.
Sigmund barely misses you. The worm bites you.
You hit Sigmund.
Sigmund is moderately wounded.
Sigmund hits you with a +0 scythe! The worm bites you.
You closely miss Sigmund.
Sigmund is moderately wounded.
Sigmund barely misses you.
You sock Sigmund!
Sigmund is severely wounded.
The adder barely misses you. The worm bites you but does no damage.
The adder bites you.
You closely miss Sigmund.
Sigmund is severely wounded.
Sigmund breathes a few words.
Sigmund's hands start flickering wildly.
Sigmund closely misses you. The adder closely misses you.
The worm closely misses you.
You completely miss Sigmund.
Sigmund is severely wounded.
The adder bites you. Sigmund hits you with a +0 scythe.
* * * LOW HITPOINT WARNING * * *
The adder barely misses you. The worm closely misses you.
You closely miss Sigmund.
Sigmund is severely wounded.
The adder bites you but does no damage. Sigmund hits you with a +0 scythe!
* * * LOW HITPOINT WARNING * * *
You closely miss Sigmund.
Sigmund is severely wounded.
The adder bites you.
* * * LOW HITPOINT WARNING * * *
You are lethally poisoned!
The adder poisons you! The worm closely misses you.
The adder bites you but does no damage.
A ball python comes into view.
Sigmund hits you with a +0 scythe.
You die...

.......................#
.......................#
.........##..###.......
..........##.# .......
..........##..# ...#...
#######...###.##
#........# #(.....#.#
#@.....#
S.....w@S......#
.....#.K.......# ....
..........# ...
...........# ..
............# .
....#######..# ..... ..


You could see Sigmund, a worm, an adder, a ball python (wandering) and a kobold.

Vanquished Creatures
  Robin (D:2)
  A dart slug (D:1)
  4 ball pythons
  3 endoplasms (D:1)
  2 giant cockroaches (D:1)
  9 goblins
  4 hobgoblins
  4 bats (D:1)
  5 frilled lizards (D:1)
  3 kobolds (D:1)
  2 rats (D:1)
38 creatures vanquished.

Notes
Turn   | Place    | Note
-------+----------+-------------------------------------------
     0 | D:1      | snarfax the Ogre Berserker began the quest for the Orb.
     0 | D:1      | Reached XP level 1. HP: 24/24 MP: 1/1
   225 | D:1      | Reached XP level 2. HP: 24/32 MP: 2/2
   339 | D:1      | Found a faded altar of an unknown god.
   564 | D:1      | Reached XP level 3. HP: 37/40 MP: 3/3
   714 | D:1      | Reached ** piety under Trog
  1025 | D:2      | Noticed Robin
  1045 | D:2      | Killed Robin
  1315 | D:2      | Noticed Sigmund
  1330 | D:2      | HP: 2/40 [Sigmund/+0 scythe (7)]
  1331 | D:2      | Slain by Sigmund

Illustrated notes

Levels and vault maps discovered:
D:1:      minmay_arrival_arboretum_small, layout_basic,
          hellmonk_ecumenical_altar_arch_garden
D:2:      layout_basic, basic_altar, uniq_sigmund, uniq_robin, uniq_terence

Skill      XL: |  1  2 |
---------------+-------+-----
Maces & Flails | 3 |  3.5
Dodging        | 3 |  3.1
Fighting       | |  4.6

Action                   || total
-------------------------++-------
Melee: Mace              ||   106
       Punch             ||     1
 Stab: Distracted        ||     1
Armor: Animal skin       ||    43
Dodge: Dodged            ||    72

Table legend: (Time is in decaauts)
 A = Elapsed time spent in this place.
 B = Non-inter-level travel time spent in this place.
 C = Inter-level travel time spent in this place.
 D = Time resting spent in this place.
 E = Time spent auto-exploring this place.
 F = Levels seen in this place.
 G = Mean time per level.
                   A        B        C        D        E       F      G
               +--------+--------+--------+--------+--------+-----+--------+
         Total |   1356 |   1309 |     47 |      0 |   1060 |   2 |  678.0 |
       Dungeon |   1356 |   1309 |     47 |      0 |   1060 |   2 |  678.0 |
               +--------+--------+--------+--------+--------+-----+--------+

Top non-repeatable levels by time:
     D:1: 989 daAuts
     D:2: 366 daAuts
